 Dungeon Crawl Stone Soup version 0.23-a0-586-gacb4b3f (webtiles) character file.

3362 Flooderbenga the Cleaver (level 9, -2/86 HPs)
             Began as a Deep Dwarf Gladiator on Dec 18, 2018.
             Was a Believer of Makhleb.
             Slain by a four-headed hydra (11 damage)
             ... on level 12 of the Dungeon on Dec 19, 2018.
             The game lasted 02:34:55 (2361 turns).

Flooderbenga the Cleaver (Deep Dwarf Gladiator)     Turns: 2361, Time: 02:34:56

Health: -2/86      AC: 12    Str: 24    XL:     9   Next: 73%
Magic:  0/4        EV: 12    Int:  8    God:    Makhleb [**....]
Gold:   384        SH:  0    Dex: 17    Spells: 8/8 levels left

rFire    . . .     SeeInvis .   d - +2 whip "Tillyuny" {pain, Str+2} (curse)
rCold    . . .     Gourm    .   (no shield)
rNeg     . . .     Faith    .   t - +3 scale mail
rPois    .         Spirit   +   c - +1 helmet
rElec    .         Reflect  .   (no cloak)
rCorr    .         Harm     .   (no gloves)
MR       +....                  (no boots)
Stlth    ..........             q - amulet of guardian spirit
HPRegen  0.00/turn              g - +3 ring of dexterity
MPRegen  0.09/turn              (no ring)

@: non-regenerating
A: damage resistance, heal wounds, sense surroundings 2, no regeneration
a: Heal Wounds, Minor Destruction, Renounce Religion


You were on level 12 of the Dungeon.
You worshipped Makhleb.
Makhleb was pleased with you.
You were not hungry.

You visited 2 branches of the dungeon, and saw 13 of its levels.

You collected 384 gold pieces.

Inventory:

Hand Weapons
 a - a +1 war axe
 d - the cursed +2 whip "Tillyuny" (weapon) {pain, Str+2}
   (You found it on level 7 of the Dungeon)

   In the hands of one skilled in necromantic magic, it inflicts extra damage on
   living creatures.
   It affects your strength (+2).
   It has a curse placed upon it.
 j - the +5 quarterstaff of the Orb {pain, *Drain Fragile rElec rPois}
   (You found it on level 6 of the Dungeon)

   In the hands of one skilled in necromantic magic, it inflicts extra damage on
   living creatures.
   It insulates you from electricity.
   It protects you from poison.
   It causes draining when unequipped.
   It will be destroyed if unequipped.
 s - a +0 whip of holy wrath
Missiles
 e - 82 stones (quivered)
 n - 5 needles of confusion
 o - 10 poisoned needles
Armour
 b - a +0 leather armour
 c - a +1 helmet (worn)
 h - a +0 chain mail
 t - a +3 scale mail (worn)
Jewellery
 g - a +3 ring of dexterity (left hand)
 q - an amulet of guardian spirit (around neck)
Wands
 m - a wand of digging (9) {@v4}
Scrolls
 i - a scroll of fog {@r4}
 p - a scroll of enchant weapon
 r - a scroll of identify {@r1}
Potions
 l - a potion of resistance
Comestibles
 f - 5 rations


   Skills:
 + Level 7.1 Fighting
 - Level 12.0 Axes
 - Level 2.1 Throwing
 - Level 4.0 Armour
 - Level 3.2 Dodging
 + Level 1.5 Invocations


You had 8 spell levels left.
You didn't know any spells.
Your spell library contained the following spells:

 Spells                   Type           Power        Failure   Level  Hunger
 Magic Dart               Conj           #...         71%         1    ##.....
 Blink                    Tloc           N/A          83%         2    ###....
 Call Imp                 Summ           #.......     83%         2    ###....
 Slow                     Hex            #.......     83%         2    ###....
 Conjure Flame            Conj/Fire      #.......     97%         3    ####...
 Mephitic Cloud           Conj/Pois/Air  #.......     97%         3    ####...


Dungeon Overview and Level Annotations

Branches:
Dungeon (12/15)            Temple (1/1) D:7             Orc (0/2) D:11
   Lair: D:8-11

Altars:
Ashenzari
Cheibriados
Gozag
Makhleb
Nemelex Xobeh
Okawaru
Qazlal
Uskayaw
Vehumet

Annotations:
D:8 Psyche


Innate Abilities, Weirdness & Mutations

You are resistant to damage.
You can heal yourself by infusing magical energy.
You passively map the area around you.
You do not regenerate.


Message History

The four-headed hydra bites you but does no damage.
You take 4 damage, and have 28/86 hp.
You fail to use your ability.
The four-headed hydra bites you.
The four-headed hydra barely misses you.
The four-headed hydra bites you but does no damage.
The four-headed hydra misses you.
The four-headed hydra resists with almost no effort.
The four-headed hydra bites you!
* * * LOW HITPOINT WARNING * * *
The four-headed hydra bites you.
The four-headed hydra closely misses you.
The four-headed hydra bites you but does no damage.
You take 9 damage, and have 19/86 hp.
You barely miss the four-headed hydra.
A necrophage comes into view.
The four-headed hydra bites you. The four-headed hydra bites you!
* * * LOW HITPOINT WARNING * * *
The four-headed hydra bites you but does no damage.
The four-headed hydra bites you!
You die...

** * *#.. ,
,, , , ,
,,... * * *
* **** #.#
* * * #.# *
#.# ,* * *
#.# , #<# *
####.####,*
* *
#SD@....# *
, ,,, ,
#.#####n# *
#. # * * *
..* *, *
##. * * *
#. * * ,
#., ,, * ,
## * * *


You could see a four-headed hydra, a water moccasin and a necrophage
(wandering).

Vanquished Creatures
  A wyvern (D:8)
  A porcupine (D:8)
  4 sky beasts
  2 ice beasts
  3 ogres
  An orc warrior (D:8)
  A necrophage (D:9)
  An eye of draining (D:9)
  5 centaurs
  A big kobold (D:9)
  7 bullfrogs
  A water moccasin skeleton (D:7)
  2 scorpions
  A centaur zombie (D:8)
  A bullfrog zombie (D:7)
  5 crimson imps
  2 jellies
  A centaur skeleton (D:9)
  6 hounds
  4 orc wizards
  4 iguanas
  6 worker ants
  2 hound skeletons
  2 worker ant zombies
  A gnoll (D:7)
  3 adders
  2 shadow imps (D:9)
  An ooze (D:6)
  A worm (D:3)
  A dart slug (D:3)
  3 leopard geckos (D:7)
  12 orcs
  3 giant cockroaches (D:4)
  A hobgoblin (D:3)
  A jackal (D:10)
  3 quokkas
  2 bats
  4 kobolds
  A quokka skeleton (D:6)
  A quokka zombie (D:7)
  A rat (D:1)
105 creatures vanquished.

Vanquished Creatures (others)
  5 fungi (D:8)
5 creatures vanquished.

Grand Total: 110 creatures vanquished

Notes
Turn   | Place    | Note
-------+----------+-------------------------------------------
     0 | D:1      | Flooderbenga the Deep Dwarf Gladiator began the quest for
                  | the Orb.
     0 | D:1      | Reached XP level 1. HP: 19/19 MP: 1/1
    74 | D:3      | Noticed a hound
    84 | D:3      | Killed a hound
    84 | D:3      | Reached skill level 4 in Axes
    84 | D:3      | Reached XP level 2. HP: 15/26 MP: 2/2
    84 | D:3      | Reached XP level 3. HP: 18/32 MP: 3/3
   135 | D:3      | Reached skill level 5 in Axes
   158 | D:3      | Reached XP level 4. HP: 17/39 MP: 4/4
   323 | D:4      | Reached skill level 1 in Armour
   405 | D:4      | Found an iron altar of Okawaru.
   418 | D:4      | Reached skill level 6 in Axes
   418 | D:4      | Reached XP level 5. HP: 44/45 MP: 3/3
   451 | D:5      | Entered Level 5 of the Dungeon
   506 | D:5      | Found a hide-covered altar of Uskayaw.
   582 | D:7      | Found a staircase to the Ecumenical Temple.
   582 | D:7      | Noticed a centaur
   590 | D:7      | Reached skill level 7 in Axes
   593 | D:7      | Reached XP level 6. HP: 17/55 MP: 4/4
   603 | Temple   | Entered the Ecumenical Temple
   613 | Temple   | Became a worshipper of Makhleb the Destroyer
   655 | D:6      | Reached XP level 7. HP: 60/64 MP: 4/4
   663 | D:7      | Got a polished whip
   666 | D:7      | Noticed a slime creature
   669 | D:7      | Noticed a slime creature
   669 | D:7      | Noticed a slime creature
   681 | D:7      | Noticed a slime creature
   762 | D:6      | Reached skill level 8 in Axes
   766 | D:6      | Reached skill level 5 in Fighting
   812 | D:7      | Reached XP level 8. HP: 47/74 MP: 4/4
   838 | D:6      | Got a twisted quarterstaff
   934 | D:8      | Reached * piety under Makhleb
  1105 | D:8      | Reached skill level 9 in Axes
  1106 | D:8      | Identified the cursed +2 whip "Tillyuny" {pain, Str+2} (You
                  | found it on level 7 of the Dungeon)
  1108 | D:8      | Identified the +5 quarterstaff of the Orb {pain, *Drain
                  | Fragile rElec rPois} (You found it on level 6 of the
                  | Dungeon)
  1207 | D:8      | Noticed Psyche
  1395 | D:9      | Found a shattered altar of Ashenzari.
  1419 | D:9      | Gained mutation: You passively map the area around you.
                  | [Deep Dwarf growth]
  1419 | D:9      | Reached XP level 9. HP: 58/85 MP: 5/5
  1437 | D:10     | Entered Level 10 of the Dungeon
  1524 | D:10     | Reached skill level 10 in Axes
  1815 | D:9      | Flooderbenga: ??eye of draining
  1815 | D:9      | beem: eye of draining[1/1]: Drains your mana with its gaze,
                  | which then heals it. Immune to magic.
  1837 | D:9      | Reached skill level 11 in Axes
  2020 | D:9      | Reached ** piety under Makhleb
  2137 | D:10     | Reached skill level 1 in Invocations
  2198 | D:10     | Noticed a two-headed ogre
  2265 | D:10     | Noticed a troll
  2327 | D:11     | Reached skill level 12 in Axes
  2333 | D:11     | Noticed a green ugly thing
  2341 | D:12     | Noticed a four-headed hydra
  2361 | D:12     | Slain by a four-headed hydra

Vault maps used:
D:1:      minmay_arrival_radiant_lines
D:3:      kiku_gazebo_garden_becter, serial_park_tiny_pond,
          wander_ebering_terrifying_dragon_lair
D:4:      okawaru_gym_becter, nrook_mini_backslash
D:5:      kennysheep_mini, elyvilon_altar_1, grunt_dithmenos_shadows,
          first_ration, serial_shops, shop, palyth_stone_intersect
D:7:      lemuel_coloured_pillars_altar, temple_fountains, minmay_circle_x
D:8:      grunt_lair_entry_orc_guard_hut, grunt_pizzeria, uniq_psyche
D:9:      hangedman_cross_veins, basic_altar
D:10:     minmay_s_stair_smasher, kennysheep_small_circle
D:11:     orc_0_dummy, lightli_minifort
Temple:   eino_temple_rhombus

Skill      XL: |  1  2  3  4  5  6  7  8  9 |
---------------+----------------------------+-----
Axes           | 4 5 6 7 8 9 12 | 12.0
Fighting       | 2 4 5 6 7 |  7.1
Armour         | 1 3 4 |  4.0
Throwing       | 2 |  2.1
Invocations    | 1 |  1.5
Dodging        | |  3.2

Action                   |  1- 3 |  4- 6 |  7- 9 || total
-------------------------+-------+-------+-------++-------
Melee: War axe           |    47 |    76 |   105 ||   228
       Whip              |       |       |   368 ||   368
Throw: Throwing net      |     6 |     3 |       ||     9
       Stone             |       |       |    31 ||    31
Invok: Minor Destruction |       |       |    14 ||    14
 Abil: Heal Wounds       |     1 |     5 |    14 ||    20
Evoke: Wand              |       |       |    19 ||    19
  Use: Scroll            |       |     2 |    10 ||    12
       Potion            |       |     1 |     4 ||     5
 Stab: Held in net/web   |       |     2 |       ||     2
  Eat: Chunk             |       |       |     3 ||     3
       Ration            |       |       |     1 ||     1
Armor: Leather armour    |    20 |       |       ||    20
       Chain mail        |       |    59 |   229 ||   288
       Scale mail        |       |       |    29 ||    29
Dodge: Dodged            |    36 |    54 |   234 ||   324

Table legend:
 A = Non-vault XP
 B = Vault XP
 C = Vault XP percentage of total XP
 D = Non-vault monster count
 E = Vault monster count
 F = Vault count percentage of total count
                 A         B        C        D         E       F
            +---------+---------+-------+---------+---------+-------
      Total |    3515 |    1289 |  26.8 |      87 |      18 |  17.1
            +---------+---------+-------+---------+---------+-------
        D:1 |       2 |       0 |   0.0 |       2 |       0 |   0.0
        D:3 |     104 |       0 |   0.0 |      12 |       0 |   0.0
        D:4 |     212 |       0 |   0.0 |      16 |       0 |   0.0
        D:6 |     293 |       0 |   0.0 |       7 |       0 |   0.0
        D:7 |     815 |     194 |  19.2 |      16 |       5 |  23.8
        D:8 |     678 |     424 |  38.5 |       9 |       4 |  30.8
        D:9 |    1016 |     248 |  19.6 |      18 |       3 |  14.3
       D:10 |     270 |     423 |  61.0 |       6 |       6 |  50.0
       D:11 |     125 |       0 |   0.0 |       1 |       0 |   0.0
            +---------+---------+-------+---------+---------+-------
